Map: Lightshade LE

Players

A.I. 1 (Very Easy) - Winner!

  • Race: Protoss Protoss
  • Spawn Location: 5:00

Neo

  • Race: Protoss Protoss
  • League: Diamond
  • Spawn Location: 11:00

VOD

https://www.youtube.com/watch?v=ZOKKhiSElX4

Description

First try ... timings might be off. Use at your own risk!

Time

  • Played on: Feb. 5, 2021, 2:28 p.m.
  • Length: 7:06
Show
View Real Time Build Order
Export as new Build Order

A.I. 1 (Very Easy) Protoss - Winner!

Build Orders: 1 Gate Expand, Nexus First 

Get SALT Encoding   

  12  0:00  Probe  
  13  0:13  Probe  
  14  0:19  Pylon  
  14  0:43  Gateway  
  14  1:00  Nexus  
  14  1:18  Pylon  
  14  1:21  Zealot  
  14  1:23  Assimilator  
  16  1:32  Probe  
  16  1:35  Cybernetics Core  
  17  1:41  Probe  
  18  1:51  Probe  
  19  2:01  Probe  
  19  2:02  Assimilator  
  19  2:07  Stalker  
  20  2:09  Probe  
  23  2:16  Warp Gate  
  23  2:18  Probe  
  24  2:24  Probe  
  25  2:32  Probe  
  26  2:51  Probe  
  27  2:53  Assimilator  
  27  2:55  Pylon  
  27  2:58  Probe  
  28  3:03  Probe  
  29  3:12  Probe  
  30  3:14  Robotics Facility  
  30  3:15  Probe  
  31  3:26  Zealot  
  34  3:27  Probe  
  35  3:34  Probe  
  36  3:41  Probe  
  37  3:48  Probe  
  38  3:55  Probe  
  38  4:01  Observer  
  40  4:02  Probe  
  40  4:07  Probe  
  40  4:09  Assimilator  
  41  4:14  Probe  
  41  4:20  Probe  
  41  4:22  Observer  
  43  4:27  Probe  
  44  4:35  Pylon  
  44  4:36  Sentry  
  47  4:38  Probe  
  48  4:45  Probe  
  49  4:53  Probe  
  50  6:40  Stalker  
  50  6:41  Observer  
  50  6:42  Pylon  
  44  6:52  Probe  
Show
View Real Time Build Order
Export as new Build Order

Neo Protoss 

Build Orders: Phoenix Opening 

Get SALT Encoding   

  12  0:00  Probe  
  13  0:12  Probe  
  14  0:19  Pylon  
  14  0:24  Probe (Chrono Boost)  
  15  0:39  Probe (Chrono Boost)  
  16  0:43  Gateway  
  16  0:44  Probe (Chrono Boost)  
  17  0:50  Assimilator  
  17  0:53  Probe  
  18  0:59  Assimilator  
  18  1:05  Probe (Chrono Boost)  
  19  1:16  Gateway  
  19  1:18  Probe (Chrono Boost)  
  20  1:26  Probe  
  20  1:30  Cybernetics Core  
  21  1:35  Pylon  
  21  1:38  Probe  
  22  1:50  Probe  
  23  2:00  Pylon  
  23  2:03  Probe  
  23  2:06  Stalker  
  28  2:15  Sentry  
  28  2:16  Probe  
  29  2:28  Probe  
  30  2:36  Stalker  
  32  2:40  Probe, Warp Gate  
  32  2:41  Stalker  
  35  2:54  Nexus, Phoenix  
  35  3:02  Probe  
  35  3:04  Pylon  
  36  3:14  Shield Battery  
  36  3:25  Probe  
  37  3:27  Stalker  
  39  3:37  Probe  
  40  3:42  Stalker  
  40  3:44  Twilight Council  
  42  3:49  Probe  
  43  3:58  Robotics Facility  
  43  4:00  Pylon  
  43  4:01  Probe  
  44  4:09  Probe, Pylon  
  45  4:13  Probe  
  45  4:16  Sentry x2  
  50  4:22  Probe  
  51  4:25  Probe  
  51  4:27  Charge (Chrono Boost)  
  51  4:31  Gateway  
  52  4:34  Probe  
  52  4:38  Probe  
  55  4:46  Observer  
  55  4:53  Probe  
  55  4:54  Probe  
  57  5:04  Zealot  
  57  5:05  Probe  
  57  5:06  Probe, Zealot  
  63  5:10  Gateway  
  63  5:11  Gateway  
  63  5:16  Observer  
  63  5:18  Probe x2  
  66  5:25  Zealot x2  
  66  5:27  Pylon  
  70  5:30  Probe x2, Pylon  
  72  5:39  Assimilator  
  72  5:41  Assimilator  
  72  5:42  Probe, Zealot  
  75  5:46  Templar Archives  
  75  5:47  Pylon  
  75  5:50  Probe  
  75  5:54  Probe  
  75  5:55  Immortal (Chrono Boost)  
  77  5:59  Zealot  
  77  6:02  Probe  
  84  6:06  Probe  
  84  6:10  Zealot  
  84  6:11  Zealot x3  
  93  6:21  Zealot  
  93  6:24  Immortal (Chrono Boost)  
  95  6:28  Gateway  
  95  6:30  Pylon  
  99  6:43  High Templar  
  101  6:57  High Templar, Pylon  
  101  6:59  Pylon  
  107  7:01  Pylon  
  107  7:02  Zealot  
Tags
 
Add a new tag
Caveats
  • Supply blocks, unpowered buildings, or Contaminate may cause inaccurate times.
  • Supply counts are checked every 10 seconds.